 Dungeon Crawl Stone Soup version 0.20-a0-969-g3f209a8 (webtiles) character file.

474 AlphabetPasta the Magician (level 6, -1/28 HPs)
             Began as a Felid Wizard on Apr 8, 2017.
             Slain by a centaur skeleton (6 damage)
             ... on level 5 of the Dungeon.
             The game lasted 00:40:41 (8160 turns).

AlphabetPasta the Magician (Felid Wizard)           Turns: 8160, Time: 00:40:44

Health: -1/28      AC:  2    Str:  4    XL:     6   Next: 84%
Magic:  5/14       EV: 19    Int: 21    God:
Gold:   98         SH:  0    Dex: 14    Spells: 2/15 levels left
                                        Lives:  0   Deaths: 1

rFire    . . .     SeeInvis +     - Unarmed
rCold    . . .     Gourm    .   (shield unavailable)
rNeg     . . .     Faith    .   (armour unavailable)
rPois    .         Spirit   .   (helmet unavailable)
rElec    .         Reflect  .   (cloak unavailable)
rCorr    .         Harm     .   (gloves unavailable)
MR       .....                  (boots unavailable)
Stlth    +++.......             (no amulet)
Regen    0.1/turn               (no ring)
MPRegen  0.2/turn               (no ring)

@: very slightly contaminated, quick
A: no armour, no weapons or thrown items, stealth, claws 1, fangs 3, see
invisible, carnivore 3, speed 1, shaggy fur 2, slow metabolism 1, sharp paws
a: no special abilities


You were on level 5 of the Dungeon.
You were completely stuffed.

You visited 1 branch of the dungeon, and saw 5 of its levels.

You collected 98 gold pieces.

Inventory:

Scrolls
 f - a scroll of identify
 i - 2 scrolls of magic mapping
 k - a scroll of enchant weapon {unknown}
Potions
 c - a potion of agility
 e - a potion of lignification
 g - a potion of flight
 j - a potion of haste
 l - 2 potions of brilliance {unknown}
Books
 a - a book of Minor Magic

   Spells                             Type                      Level
   a - Magic Dart                     Conjuration                  1
   b - Blink                          Translocation                2
   c - Call Imp                       Summoning                    2
   d - Slow                           Hexes                        2
   e - Conjure Flame                  Conjuration/Fire             3
   f - Mephitic Cloud                 Conjuration/Poison/Air       3
Comestibles
 b - 4 meat rations
 d - a royal jelly


   Skills:
 + Level 3.1 Fighting
 + Level 4.4 Dodging
 - Level 2.6 Stealth
 + Level 2.6 Unarmed Combat
 * Level 5.2 Spellcasting
 - Level 2.1 Conjurations
 - Level 1.1 Hexes
 - Level 1.0 Summonings
 - Level 1.5 Translocations
 - Level 1.0 Fire Magic
 + Level 0.5 Poison Magic


You had 2 spell levels left.
You knew the following spells:

 Your Spells              Type           Power        Failure   Level  Hunger
a - Magic Dart            Conj           ##..         6%          1    None
b - Blink                 Tloc           N/A          12%         2    None
c - Call Imp              Summ           #.......     12%         2    None
d - Slow                  Hex            ##......     12%         2    None
e - Conjure Flame         Conj/Fire      ##......     21%         3    ##.....
f - Mephitic Cloud        Conj/Pois/Air  #.......     24%         3    ##.....


Dungeon Overview and Level Annotations

Branches:
Dungeon (5/15)
 Temple: D:4-7

Altars:
Cheibriados
Kikubaaqudgha
Nemelex Xobeh


Innate Abilities, Weirdness & Mutations

You cannot wear armour.
You are incapable of wielding weapons or throwing items.
Your paws allow you to move quietly. (Stealth)
You have sharp claws.
You have razor-sharp teeth.
You have supernaturally acute eyesight. (SInv)
You are carnivorous and can eat meat at any time.
You cover ground quickly.
You are covered in thick fur. (AC +2)
You have a slow metabolism.
Your sharp claws are effective at attacking unaware monsters.


Message History

Confirm with . or Enter, or press ? or * to list all spells.
Aiming: Magic Dart
Press: ? - help, Shift-Dir - straight line, f/p - centaur skeleton
Aim: a centaur skeleton (severely damaged)
The magic dart hits the centaur skeleton.
The centaur skeleton is almost destroyed.
The centaur skeleton barely misses you.
The orc hits you from afar with an enchanted trident!
Casting: Magic Dart
Confirm with . or Enter, or press ? or * to list all spells.
Aiming: Magic Dart
Press: ? - help, Shift-Dir - straight line, f/p - centaur skeleton
Aim: a centaur skeleton (almost destroyed)
You miscast Magic Dart.
You are very lightly contaminated with residual magic.
Nothing appears to happen.
The centaur skeleton hits you.
The orc hits you from afar with an enchanted trident!
* * * LOW HITPOINT WARNING * * *
The crimson imp barely misses you. The centaur skeleton hits you.
You die...

.. .# # #
##.##.# %.
......# ..#
....... ..
.......
#..##.##.......
.......@Zo.....
.###.#..5......
#.........
#.......##
.......##
........#
........#
#...)....#


You could see a crimson imp, an orc and a centaur skeleton.

Vanquished Creatures
  A phantom (D:4)
  2 ogres (D:4)
  A howler monkey (D:4)
  2 orc wizards (D:3)
  A worker ant (D:4)
  4 adders
  5 gnolls
  An ooze (D:4)
  A worm (D:2)
  3 dart slugs
  2 leopard geckos
  14 orcs
  5 bats
  10 giant cockroaches
  3 goblins
  5 hobgoblins
  2 jackals (D:4)
  A quokka (D:2)
  2 ball pythons
  7 frilled lizards
  11 kobolds
  A leopard gecko skeleton (D:4)
  2 quokka skeletons (D:4)
  8 rats
94 creatures vanquished.

Vanquished Creatures (collateral kills)
  An iguana (D:4)
  3 gnolls
  A leopard gecko (D:4)
  An orc (D:3)
6 creatures vanquished.

Grand Total: 100 creatures vanquished

Notes
Turn   | Place    | Note
-------+----------+-------------------------------------------
     0 | D:1      | AlphabetPasta the Felid Wizard began the quest for the Orb.
     0 | D:1      | Reached XP level 1. HP: 7/7 MP: 5/5
   389 | D:1      | Reached skill level 1 in Conjurations
   492 | D:1      | Reached XP level 2. HP: 10/12 MP: 7/7
   496 | D:1      | Learned a level 2 spell: Blink
   499 | D:1      | Learned a level 2 spell: Call Imp
   502 | D:1      | Learned a level 2 spell: Slow
  1059 | D:2      | Reached skill level 1 in Hexes
  1399 | D:1      | Reached skill level 1 in Fighting
  1399 | D:1      | Reached XP level 3. HP: 15/15 MP: 2/8
  1999 | D:2      | Found a snail-covered altar of Cheibriados.
  2242 | D:3      | Reached skill level 1 in Unarmed Combat
  3209 | D:2      | Reached XP level 4. HP: 13/19 MP: 0/10
  3370 | D:3      | Learned a level 3 spell: Conjure Flame
  4503 | D:3      | Reached skill level 4 in Spellcasting
  4970 | D:2      | Reached XP level 5. HP: 11/22 MP: 8/12
  5838 | D:4      | Found a sparkling altar of Nemelex Xobeh.
  6267 | D:4      | Noticed an ogre
  6699 | D:4      | Found an ancient bone altar of Kikubaaqudgha.
  6916 | D:4      | Noticed an ogre
  6987 | D:4      | Noticed a phantom
  7010 | D:4      | Noticed an ogre
  7025 | D:4      | Slain by an ogre
  7026 | D:4      | Reached XP level 4. HP: -3/20 MP: 5/11
  7152 | D:4      | Killed an ogre
  7152 | D:4      | Reached XP level 5. HP: 23/23 MP: 2/13
  7463 | D:4      | Gained mutation: You are covered in thick fur. (AC +2) [Felid growth]
  7463 | D:4      | Reached XP level 6. HP: 24/27 MP: 5/14
  7592 | D:4      | Reached skill level 5 in Spellcasting
  7592 | D:4      | Reached skill level 1 in Fire Magic
  7597 | D:4      | Learned a level 3 spell: Mephitic Cloud
  8150 | D:5      | Entered Level 5 of the Dungeon
  8160 | D:5      | Slain by a centaur skeleton

Vault maps used:
D:1:      lightli_arrival_isolated_outpost
D:2:      lemuel_doored_altar, first_bread
D:4:      lemuel_round_altar, roderic_digamma_sauvastika,
          minmay_misc_feat_enclosed, minmay_misc_feat_room,
          nemelex_dance_club_becter

Skill      XL: |  1  2  3  4  5  6 |
---------------+-------------------+-----
Conjurations   | 1 2 |  2.1
Hexes          | 1 |  1.1
Fighting       | 1 2 3 |  3.1
Unarmed Combat | 1 2 |  2.6
Dodging        | 3 4 |  4.4
Spellcasting   | 4 5 |  5.2
Fire Magic     | 1 |  1.0
Stealth        | |  2.6
Summonings     | |  1.0
Translocations | |  1.5
Poison Magic   | |  0.5

Action                   |  1- 3 |  4- 6 || total
-------------------------+-------+-------++-------
Melee: Unarmed           |    34 |    78 ||   112
       Bite              |     3 |     5 ||     8
       Punch             |       |     1 ||     1
 Cast: Magic Dart        |   162 |   288 ||   450
       Call Imp          |     4 |     8 ||    12
       Blink             |     1 |       ||     1
       Slow              |     1 |     3 ||     4
  Use: Scroll            |     9 |     2 ||    11
       Potion            |       |     5 ||     5
 Stab: Sleeping          |     5 |       ||     5
  Eat: Chunk             |    12 |    15 ||    27
Armor: Skin              |     4 |     6 ||    10
Dodge: Dodged            |    45 |   107 ||   152
